 Dungeon Crawl Stone Soup version 0.27-a0-732-ga892ba84f6 (webtiles) character file.

Game seed: 10934840940202233949

57 rageheart7 the Insei (level 3, -2/28 HPs)
             Began as a Demigod Transmuter on Mar 23, 2021.
             Slain by a gnoll
             ... wielding a +0 spear
              (6 damage)
             ... on level 2 of the Dungeon.
             The game lasted 00:01:55 (1849 turns).

rageheart7 the Insei (Demigod Transmuter)           Turns: 1849, Time: 00:01:57

Health: -2/28      AC:  2    Str: 11    XL:     3   Next: 50%
Magic:  7/8        EV: 12    Int: 19    God:
Gold:   57         SH:  0    Dex: 14    Spells: 4/5 levels left

rFire    . . .     SeeInvis .     - Unarmed
rCold    . . .     Faith    .   (no shield)
rNeg     . . .     Spirit   .   a - +0 robe
rPois    .         Reflect  .   (helmet currently unavailable)
rElec    .         Harm     .   (no cloak)
rCorr    .         Rampage  .   (no gloves)
Will     .....                  (boots currently unavailable)
Stlth    +.........             (no amulet)
HPRegen  0.09/turn              (no ring)
MPRegen  0.11/turn              (no ring)

@: appendages (expiring)
A: horns 2, talons 2, high mp 1, forlorn
a: End Transformation


You were on level 2 of the Dungeon.
You had temporarily grown beastly horns and talons.
You visited 1 branch of the dungeon, and saw 2 of its levels.

You collected 57 gold pieces.

Inventory:

Armour
 a - a +0 robe (worn)
Scrolls
 b - a scroll of teleportation {unknown}
Potions
 c - a potion of attraction {unknown}
 d - a potion of cancellation {unknown}
 e - 2 potions of haste {unknown}


   Skills:
 * Level 1.4 Fighting
 - Level 1.7 Dodging
 * Level 3.9 Unarmed Combat
 - Level 1.7 Spellcasting
 + Level 2.1 Transmutations


You had 4 spell levels left.
You knew the following spells:

 Your Spells              Type           Power      Damage    Failure   Level
a - Beastly Appendage     Tmut           18%        N/A       8%          1

Your spell library contained the following spells:

 Spells                   Type           Power      Damage    Failure   Level
 Wereblood                Tmut           9%         N/A       11%         2
 Corona                   Hex            1%         N/A       17%         1
 Ensorcelled Hibernation  Hex/Ice        2%         N/A       26%         2
 Spider Form              Tmut/Pois      2%         N/A       32%         3
 Confusing Touch          Hex            1%         N/A       45%         3
 Dazzling Flash           Conj/Hex       2%         N/A       45%         3
 Tukima's Dance           Hex            1%         N/A       45%         3
 Ice Form                 Ice/Tmut       5%         N/A       73%         4
 Blade Hands              Tmut           4%         N/A       90%         5


Dungeon Overview and Level Annotations

Branches:
Dungeon (2/15)


Innate Abilities, Weirdness & Mutations

You have temporarily grown beastly horns and talons.
Your attributes grow dramatically as you level up.
You have an increased reservoir of magic. (+10% MP)
You shall have no god before yourself.


Message History

You hit the giant cockroach.
You kill the giant cockroach!
No target in view!
No target in view!
No target in view!
A gnoll comes into view. It is wielding a +0 club.
Found a scale mail.
A gnoll is nearby!
A gnoll is nearby!
A gnoll comes into view. It is wielding a +0 spear.
Casting: Beastly Appendage (safe; 8% risk of failure)
Confirm with . or Enter, or press ? or * to list all spells.
You extend your transformation's duration.
The gnoll shouts!
A gnoll comes into view. It is wielding a +0 spear.
The gnoll shouts!
You hit the gnoll. You claw the gnoll.
The gnoll is heavily wounded.
You hear an angry hiss.
The gnoll hits you with a +0 club.
You barely miss the gnoll. You claw the gnoll. You headbutt the gnoll.
You kill the gnoll!
A frilled lizard comes into view.
The gnoll hits you with a +0 spear.
Things that are here:
a +0 club; a gnoll corpse You hit the gnoll but do no damage.
Your kick misses the gnoll.
The gnoll hits you from afar with a +0 spear.
You punch the gnoll! Your kick misses the gnoll.
The gnoll is heavily wounded.
The gnoll hits you from afar with a +0 spear.
You are too injured to fight recklessly!
You are too injured to fight recklessly!
You hit the gnoll. Your kick misses the gnoll.
The gnoll is severely wounded.
Your transformation is almost over.
The gnoll hits you with a +0 spear!
* * * LOW HITPOINT WARNING * * *
The gnoll hits you from afar with a +0 spear.
You die...

.######..# ##.#######.#
#........#.######## #..
.# #..........#
####..#.####.#.#####.#
........ ..###..#
..[g.####.#.#.#
######l..#####.##>######
......g@.......##.†.....
######..######.#########
........######.#
######.....(...#
###########


You could see 2 gnolls and a frilled lizard.

Vanquished Creatures
  A gnoll (D:2)
  A worm (D:2)
  A dart slug (D:1)
  6 ball pythons
  3 giant cockroaches
  3 goblins
  2 hobgoblins (D:2)
  5 oozes
  4 quokkas
  5 bats
  2 frilled lizards (D:1)
  2 kobolds (D:2)
  3 rats (D:1)
38 creatures vanquished.

Notes
Turn   | Place    | Note
-------+----------+-------------------------------------------
     0 | D:1      | rageheart7 the Demigod Transmuter began the quest for the
                  | Orb.
     0 | D:1      | Reached XP level 1. HP: 15/15 MP: 5/5
   142 | D:1      | Reached skill level 1 in Fighting
   146 | D:1      | Reached skill level 3 in Unarmed Combat
   398 | D:1      | Reached XP level 2. HP: 21/23 MP: 5/7
  1549 | D:2      | Reached XP level 3. HP: 27/28 MP: 6/8
  1696 | D:2      | Noticed a fire elemental
  1697 | D:2      | Noticed a water elemental
  1697 | D:2      | Noticed an earth elemental
  1697 | D:2      | Noticed an air elemental
  1849 | D:2      | Slain by a gnoll

Illustrated notes

Levels and vault maps discovered:
D:1:      dpeg_arrival_rooms_with_view, layout_loops_cross,
          kennysheep_pointless_box
D:2:      layout_loops_ring, overflow_temple_1_default,
          kennysheep_vampire_church, nicolae_qazlal_style_of_elements

Skill      XL: |  1  2 |
---------------+-------+-----
Fighting       | 1 |  1.4
Unarmed Combat | 3 |  3.9
Transmutations | 2 |  2.1
Dodging        | |  1.7
Spellcasting   | |  1.7

Action                   || total
-------------------------++-------
Melee: Unarmed           ||    79
       Kick              ||    15
       Headbutt          ||     8
       Punch             ||     1
 Cast: Beastly Appendage ||    25
 Stab: Sleeping          ||     3
Armor: Robe              ||    17
Dodge: Dodged            ||    51

Table legend: (Time is in decaauts)
 A = Elapsed time spent in this place.
 B = Non-inter-level travel time spent in this place.
 C = Inter-level travel time spent in this place.
 D = Time resting spent in this place.
 E = Time spent auto-exploring this place.
 F = Levels seen in this place.
 G = Mean time per level.
                   A        B        C        D        E       F      G
               +--------+--------+--------+--------+--------+-----+--------+
         Total |   1843 |   1815 |     28 |      0 |   1600 |   2 |  921.5 |
       Dungeon |   1843 |   1815 |     28 |      0 |   1600 |   2 |  921.5 |
               +--------+--------+--------+--------+--------+-----+--------+

Top non-repeatable levels by time:
     D:1: 1188 daAuts
     D:2: 655 daAuts
